 Dungeon Crawl Stone Soup version 0.30-a0-919-g9323dee000 (webtiles) character file.

Game seed: 16907101404805506446

85 Ijustatesigmund the Magician (level 4, 0/24 HPs)
             Began as a Deep Elf Fire Elementalist on Mar 21, 2023.
             Slain by a hound (4 damage)
             ... on level 3 of the Dungeon.
             The game lasted 00:03:28 (1428 turns).

Ijustatesigmund the Magician (DEFE)                 Turns: 1428, Time: 00:03:29

Health: 0/24       AC:  2    Str:  5    XL:     4   Next: 25%
Magic:  7/12       EV: 12    Int: 22    God:
Gold:   54         SH:  0    Dex: 15    Spells: 8/11 levels left

rFire   . . .      SeeInvis .    h - +0 sling
rCold   . . .      Faith    .    (no shield)
rNeg    . . .      Spirit   .    a - +0 robe
rPois   .          Reflect  .    (no helmet)
rElec   .          Rampage  .    (no cloak)
rCorr   .                        (no gloves)
Will    .....                    (no boots)
Stlth   ++                       (no amulet)
HPRegen 0.24/turn                (no ring)
MPRegen 0.13/turn                (no ring)

@: lethally poisoned (0 -> -2)
A: no striking features
a: no special abilities


You were on level 3 of the Dungeon.
You visited 1 branch of the dungeon, and saw 3 of its levels.

You collected 54 gold pieces.

Inventory:

Hand Weapons
 d - a +0 dagger
 h - a +0 sling (weapon)
Armour
 a - a +0 robe (worn)
Scrolls
 c - a scroll of enchant armour {unknown}
 e - a scroll of fear {unknown}
 g - 2 scrolls of teleportation {unknown}
 i - a scroll of noise {unknown}
Potions
 b - a potion of magic
 f - a potion of haste {unknown}
 j - a potion of curing {unknown}


   Skills:
 - Level 1.4 Ranged Weapons
 - Level 2.4 Dodging
 - Level 2.4 Stealth
 + Level 4.1 Spellcasting
 + Level 2.6 Conjurations
 + Level 4.1 Fire Magic


You had 8 spell levels left.
You knew the following spells:

 Your Spells              Type           Power      Damage    Failure   Level
a - Foxfire               Conj/Fire      76%        2x1d7     2%          1
b - Scorch                Fire           44%        2d7       3%          2

Your spell library contained the following spells:

 Spells                   Type           Power      Damage    Failure   Level
 Inner Flame              Hex/Fire       13%        N/A       14%         3
 Kindle Blastsparks       Fire/Tloc/Air  20%        2d11      19%         3
 Flame Wave               Conj/Fire      19%        2d7       26%         4


Dungeon Overview and Level Annotations

Branches:
Dungeon (3/15)

Altars:

Annotations:
D:2 Sigmund


Message History

The hound barks!
You hear a shout!
You shoot a sling bullet. The adder hisses angrily.
The sling bullet hits the bat.
You kill the bat!
Casting: Scorch (safe; 3% risk of failure)
Confirm with . or Enter, or press ? or * to list all spells.
You conjure some foxfire!
The kobold shouts!
The foxfire hits the hound.
The hound is lightly wounded.
The foxfire hits the hound.
The hound is moderately wounded.
Casting: Foxfire (safe; 2% risk of failure)
Confirm with . or Enter, or press ? or * to list all spells.
Flames lash the endoplasm.
You kill the endoplasm!
The hound bites you. The hound misses you. The adder bites you.
You are poisoned.
The adder poisons you! The hound bites you. The adder closely misses you.
Casting: Scorch (safe; 3% risk of failure)
Confirm with . or Enter, or press ? or * to list all spells.
You conjure some foxfire!
You feel sick. The hound barely misses you. The hobgoblin barely misses you.
The adder closely misses you. The hound barely misses you.
You feel sick.
The foxfire hits the hound.
The hound is heavily wounded.
The foxfire hits the hobgoblin.
You kill the hobgoblin!
The hound barely misses you. The adder bites you.
The dart slug barely misses you.
Casting: Foxfire (safe; 2% risk of failure)
Confirm with . or Enter, or press ? or * to list all spells.
You conjure some foxfire!
You feel sick. The hound bites you.
* * * LOW HITPOINT WARNING * * *
The adder barely misses you. The kobold hits you with a +0 club.
* * * LOW HITPOINT WARNING * * *
The hound bites you.
You die...

...........
....[.............
..................
.................####
.....$..............##
.....................
..................#
...<..wvK........# ..
#......# #. ########
.#


You could see a hound (ally target), an adder, a dart slug and a kobold (ally
target).

Vanquished Creatures
  Jessica (D:2)
  A gnoll (D:1)
  2 adders (D:2)
  A worm (D:2)
  A dart slug (D:1)
  3 endoplasms
  A giant cockroach (D:1)
  2 goblins (D:1)
  2 hobgoblins
  3 jackals (D:1)
  A kobold (D:1)
  A quokka (D:2)
  A ball python (D:2)
  4 bats
  3 rats (D:1)
27 creatures vanquished.

Vanquished Creatures (others)
  37 foxfires
37 creatures vanquished.

Grand Total: 64 creatures vanquished

Notes
Turn   | Place    | Note
-------+----------+-------------------------------------------
     0 | D:1      | Ijustatesigmund the Deep Elf Fire Elementalist began the
                  | quest for the Orb.
     0 | D:1      | Reached XP level 1. HP: 10/10 MP: 6/6
   368 | D:1      | Reached XP level 2. HP: 15/15 MP: 6/8
   371 | D:1      | Learned a level 2 spell: Scorch
   722 | D:1      | Reached XP level 3. HP: 19/19 MP: 10/10
  1329 | D:2      | Noticed Jessica
  1331 | D:2      | Killed Jessica
  1332 | D:2      | Reached skill level 1 in Ranged Weapons
  1332 | D:2      | Reached XP level 4. HP: 24/24 MP: 9/12
  1369 | D:2      | Noticed Sigmund
  1428 | D:3      | Slain by a hound

Illustrated notes

Levels and vault maps discovered:
D:1:      lemuel_arrival_muddy, layout_basic
D:2:      layout_loops_ring, basic_altar, uniq_jessica, uniq_sigmund
D:3:      layout_rooms, cheibrodos_sewer_entry_sluice,
          chequers_serial_rivers_micro_b, st_stairs_8, minmay_cut_off

Skill      XL: |  1  2  3 |
---------------+----------+-----
Conjurations   | 2 |  2.6
Ranged Weapons | 1 |  1.4
Spellcasting   | 4 |  4.1
Fire Magic     | 4 |  4.1
Dodging        | |  2.4
Stealth        | |  2.4

Action                     |  1- 3 |  4- 6 || total
---------------------------+-------+-------++-------
  Melee: Dagger            |     1 |       ||     1
   Fire: Sling             |    17 |     2 ||    19
   Cast: Foxfire           |    21 |     3 ||    24
         Scorch            |    12 |     3 ||    15
 Armour: Robe              |     2 |       ||     2
  Dodge: Dodged            |    14 |    11 ||    25

Table legend: (Time is in decaauts)
 A = Elapsed time spent in this place.
 B = Non-inter-level travel time spent in this place.
 C = Inter-level travel time spent in this place.
 D = Time resting spent in this place.
 E = Time spent auto-exploring this place.
 F = Levels seen in this place.
 G = Mean time per level.
                   A        B        C        D        E       F      G
               +--------+--------+--------+--------+--------+-----+--------+
         Total |   1437 |   1403 |     34 |    511 |    675 |   3 |  479.0 |
       Dungeon |   1437 |   1403 |     34 |    511 |    675 |   3 |  479.0 |
               +--------+--------+--------+--------+--------+-----+--------+

Top non-repeatable levels by time:
     D:1: 927 daAuts
     D:2: 498 daAuts
     D:3: 11 daAuts
